 Dungeon Crawl Stone Soup version 0.24-a0-769-g368c164 (webtiles) character file.

Game seed: 179575980286861932, levelgen mode: deterministic

2526 BoppinsLewinski the Cleaver (level 9, -5/82 HPs)
             Began as a Deep Dwarf Fighter on Oct 7, 2019.
             Was a Follower of Makhleb.
             Slain by a troll (9 damage)
             ... on level 10 of the Dungeon.
             The game lasted 00:22:03 (6859 turns).

BoppinsLewinski the Cleaver (Deep Dwarf Fighter)    Turns: 6859, Time: 00:22:04

Health: -5/82      AC: 13    Str: 24    XL:     9   Next: 29%
Magic:  4/4        EV: 10    Int:  8    God:    Makhleb [*.....]
Gold:   439        SH:  0    Dex: 15    Spells: 8/8 levels left

rFire    . . .     SeeInvis .   a - +0 war axe
rCold    . . .     Gourm    .   (no shield)
rNeg     . . .     Faith    .   e - +0 chain mail
rPois    .         Spirit   .   l - +0 helmet
rElec    .         Reflect  .   (no cloak)
rCorr    .         Harm     .   (no gloves)
MR       +....                  y - +0 pair of boots (curse)
Stlth    ..........             (no amulet)
HPRegen  0.00/turn              p - +3 ring of dexterity
MPRegen  0.09/turn              (no ring)

@: non-regenerating
A: damage resistance, heal wounds, sense surroundings 2, no regeneration
a: Heal Wounds, Renounce Religion


You were on level 10 of the Dungeon.
You worshipped Makhleb.
Makhleb was aware of your devotion.
You were very hungry.

You visited 1 branch of the dungeon, and saw 8 of its levels.

You collected 439 gold pieces.

Inventory:

Hand Weapons
 a - a +0 war axe (weapon)
 w - a +3 executioner's axe
Armour
 e - a +0 chain mail (worn)
 l - a +0 helmet (worn)
 y - a cursed +0 pair of boots (worn)
Jewellery
 b - a +3 amulet of reflection {unknown}
 h - an uncursed ring of see invisible
 p - a +3 ring of dexterity (left hand)
Wands
 m - a wand of flame (23)
 n - a wand of iceblast (3)
Scrolls
 d - 2 scrolls of enchant armour
 g - 5 scrolls of remove curse
 i - 2 scrolls of fog
 j - 4 scrolls of teleportation
 o - a scroll of magic mapping
 r - 4 scrolls of amnesia
 t - 2 scrolls of fear
 u - a scroll of blinking {unknown}
 x - a scroll of enchant weapon
Potions
 k - 4 potions of lignification
 q - a potion of flight
 s - 3 potions of curing
Comestibles
 f - 13 rations


   Skills:
 + Level 5.6 Fighting
 * Level 8.8 Axes
 + Level 6.8 Armour
 + Level 2.9 Dodging
   Level 6.0 Shields
 - Level 3.4 Invocations


You had 8 spell levels left.
You didn't know any spells.
Your spell library contained the following spells:

 Spells                   Type           Power        Failure   Level  Hunger
 Corona                   Hex            #......      95%         1    ##.....
 Ensorcelled Hibernation  Hex/Ice        #.....       99%         2    ###....
 Confuse                  Hex            #.......     100%        3    ####...
 Dazzling Spray           Conj/Hex       #.....       100%        3    ####...
 Tukima's Dance           Hex            #.......     100%        3    ####...


Dungeon Overview and Level Annotations

Branches:
Dungeon (7/15)             Temple (0/1) D:7

Altars:
Cheibriados
Dithmenos
Elyvilon
Kikubaaqudgha
Makhleb
Qazlal
Uskayaw
Xom

Shops:
D:5 [

Annotations:
D:3 1 exclusion
D:6 1 runed translucent door, porpoise's ghost, novice CeAM


Innate Abilities, Weirdness & Mutations

You are resistant to damage.
You can heal yourself by infusing magical energy.
You passively map the area around you.
You do not regenerate.


Message History

Tha troll barely misses ye.
Tha troll claws ye.
* * * LOW HITPOINT WARNIN'
* * * Ye op'n tha door.
Tha troll bites ye but does nay damage.
Tha troll claws ye but does nay damage.
Tha troll claws ye.
Found a rin' mail.
Thar be an op'n door 'ere.
Ye be too injured ta fight recklessly!
Ye be too injured ta fight recklessly!
Ye be too injured ta fight recklessly!
Tha yak misses ye.
Tha yak closely misses ye.
Tha troll bites ye!
* * * LOW HITPOINT WARNIN'
* * * Tha troll barely misses ye.
Tha troll claws ye but does nay damage.
Tha yak gores ye but does nay damage.
Tha troll barely misses ye.
Tha troll claws ye but does nay damage.
Tha troll claws ye.
* * * LOW HITPOINT WARNIN'
* * * Tha yak gores ye!
* * * LOW HITPOINT WARNIN'
* * * Tha troll bites ye!
Ye die...

, ,*,* , ,,, *
, ,, , , , , ,
,* , *, * , , ,
, * ,, , * , ,
, ,, , ,
############ *
, ,*
#...Y......# ,
* ,
*#.TY......[#*
, ,,
+,*#@YY.TY....#
, , * , ,<
########Y#..# *
* #.....Y..#, #
#.#...YT.# , *
+ **
#...YY...#* *
,, #........# *
, #..#T....# *
#....##+## * *
, #....# ,


You could see 6 yaks and 2 trolls.

Vanquished Creatures
  An ugly thing (D:7)
  Grinder (D:4)
  Sigmund (D:4)
  A sky beast (D:7)
  A phantom (D:4)
  An ice beast (D:7)
  An orc warrior (D:6)
  2 ogres
  2 bullfrogs
  2 scorpions (D:6)
  5 killer bees
  A jelly (D:7)
  4 hounds
  2 orc priests
  5 orc wizards
  A centaur skeleton (D:5)
  3 iron imps (D:4)
  A bullfrog skeleton (D:6)
  An iguana (D:5)
  3 worker ants
  4 gnolls (D:3)
  7 adders
  3 shadow imps
  2 oozes (D:3)
  An adder zombie (D:7)
  2 adder skeletons (D:4)
  2 worms
  4 dart slugs
  3 leopard geckos
  17 orcs
  2 ball pythons
  5 giant cockroaches
  11 goblins
  6 hobgoblins
  A jackal (D:3)
  3 quokkas
  19 bats
  3 frilled lizards (D:1)
  6 kobolds
  A leopard gecko skeleton (D:4)
  A quokka skeleton (D:6)
  9 rats
  A fungus (D:6)
152 creatures vanquished.

Notes
Turn   | Place    | Note
-------+----------+-------------------------------------------
     0 | D:1      | BoppinsLewinski the Deep Dwarf Fighter began the quest for
                  | the Orb.
     0 | D:1      | Reached XP level 1. HP: 20/20 MP: 1/1
    88 | D:1      | Reached XP level 2. HP: 24/27 MP: 2/2
   432 | D:1      | Reached skill level 3 in Axes
   432 | D:1      | Reached XP level 3. HP: 23/33 MP: 3/3
   737 | D:2      | Found a white marble altar of Elyvilon.
   796 | D:2      | Found a shadowy altar of Dithmenos.
  1387 | D:3      | Reached XP level 4. HP: 25/42 MP: 4/4
  1534 | D:3      | Found a shimmering altar of Xom.
  1743 | D:3      | Reached XP level 5. HP: 47/49 MP: 5/5
  1790 | D:3      | Reached skill level 4 in Axes
  2003 | D:3      | Found an ancient bone altar of Kikubaaqudgha.
  2003 | D:3      | Found a hide-covered altar of Uskayaw.
  2401 | D:4      | Noticed an ogre
  2413 | D:4      | Killed an ogre
  2418 | D:4      | Reached XP level 6. HP: 41/57 MP: 6/6
  2550 | D:4      | Reached skill level 5 in Axes
  2591 | D:4      | Noticed Sigmund
  2662 | D:4      | Killed Sigmund
  2662 | D:4      | Reached skill level 5 in Armour
  2662 | D:4      | Reached skill level 5 in Shields
  2662 | D:4      | Reached XP level 7. HP: 39/64 MP: 6/6
  3208 | D:4      | Reached skill level 6 in Axes
  3410 | D:4      | Found a burning altar of Makhleb.
  3411 | D:4      | Noticed Grinder
  3421 | D:4      | Paralysed by Grinder for 6 turns
  3454 | D:4      | Killed Grinder
  3454 | D:4      | Reached XP level 8. HP: 27/73 MP: 7/7
  3456 | D:4      | Became a worshipper of Makhleb the Destroyer
  3540 | D:5      | Entered Level 5 of the Dungeon
  3588 | D:5      | Reached skill level 1 in Invocations
  3607 | D:5      | Found Gaheq's Antique Armour Emporium.
  3788 | D:5      | Reached skill level 7 in Axes
  4136 | D:5      | Found a snail-covered altar of Cheibriados.
  4742 | D:6      | Found a runed translucent door.
  4750 | D:6      | Noticed porpoise's ghost (novice CeAM)
  4853 | D:6      | Found a stormy altar of Qazlal.
  5003 | D:6      | Reached * piety under Makhleb
  5040 | D:6      | Reached skill level 5 in Fighting
  5631 | D:7      | Reached skill level 1 in Dodging
  6035 | D:7      | Found a staircase to the Ecumenical Temple.
  6054 | D:6      | Reached skill level 8 in Axes
  6206 | D:7      | Gained mutation: You passively map the area around you.
                  | [Deep Dwarf growth]
  6206 | D:7      | Reached XP level 9. HP: 81/81 MP: 6/6
  6625 | D:7      | Noticed a red ugly thing
  6649 | D:7      | Killed a red ugly thing
  6828 | D:7      | You fall into a shaft and drop 3 floors!
  6828 | D:10     | Entered Level 10 of the Dungeon
  6828 | D:10     | Noticed a troll
  6836 | D:10     | Noticed a troll
  6859 | D:10     | HP: 4/82 [yak (5)]
  6859 | D:10     | Slain by a troll

Levels and vault maps discovered:
D:1:      lemuel_arrival_funnel, layout_loops_ring, minmay_close_crescents
D:2:      layout_basic, nicolae_overflow_hidden_temple, old_standard_altar,
          first_ration, minmay_increasing_density
D:3:      minmay_door_path, layout_loops_ring, lemuel_crystal_altar,
          gammafunk_temple_overflow_wave, minmay_quadrilaterals
D:4:      layout_rooms, demons_altar, uniq_grinder, uniq_sigmund
D:5:      layout_layer_cave, nicolae_overflow_crystal_walls, serial_shops, shop
D:6:      old_forge, layout_basic, hellmonk_ghost_happy_afterlife,
          grunt_qazlal_sundering
D:7:      layout_rooms, grunt_temple_overflow_gold_and_silver, kennysheep_mini,
          minmay_temple_entry_trees, grunt_ogre_cave
D:10:     layout_stronghold, erik_lair_dragon, minivault_4,
          jmf_multi_god_temple2

Skill      XL: |  1  2  3  4  5  6  7  8  9 |
---------------+----------------------------+-----
Axes           | 3 4 5 6 8 |  8.8
Fighting       | 3 4 5 |  5.6
Shields        | 4 5 6 |  6.0
Armour         | 4 5 6 |  6.8
Invocations    | 3 |  3.4
Dodging        | 1 2 |  2.9

Action                   |  1- 3 |  4- 6 |  7- 9 || total
-------------------------+-------+-------+-------++-------
Melee: War axe           |   145 |   169 |   243 ||   557
       Executioner's axe |       |       |    19 ||    19
 Abil: Heal Wounds       |     1 |     4 |    15 ||    20
Evoke: Wand              |       |       |    11 ||    11
  Use: Potion            |     3 |     2 |     6 ||    11
       Scroll            |       |     8 |    10 ||    18
 Stab: Held in net/web   |       |       |     1 ||     1
  Eat: Chunk             |     2 |     4 |     6 ||    12
       Ration            |       |       |     2 ||     2
Armor: Scale mail        |    71 |    61 |    24 ||   156
       Chain mail        |       |       |   138 ||   138
Dodge: Dodged            |    45 |    56 |   132 ||   233
Block: Shield            |    60 |    88 |    74 ||   222

Table legend:
 A = Non-vault XP
 B = Vault XP
 C = Vault XP percentage of total XP
 D = Non-vault monster count
 E = Vault monster count
 F = Vault count percentage of total count
                 A         B        C        D         E       F
            +---------+---------+-------+---------+---------+-------
      Total |    2754 |     855 |  23.7 |     111 |      40 |  26.5
            +---------+---------+-------+---------+---------+-------
        D:1 |      37 |      13 |  26.0 |      21 |       7 |  25.0
        D:2 |      27 |       7 |  20.6 |      11 |       5 |  31.2
        D:3 |     158 |      26 |  14.1 |      18 |      10 |  35.7
        D:4 |     626 |     630 |  50.2 |      19 |       5 |  20.8
        D:5 |     275 |       0 |   0.0 |      16 |       0 |   0.0
        D:6 |     386 |     179 |  31.7 |      10 |      13 |  56.5
        D:7 |    1245 |       0 |   0.0 |      16 |       0 |   0.0
            +---------+---------+-------+---------+---------+-------
